 Dungeon Crawl Stone Soup version 0.29.1-2-gbd0b4ee654 (webtiles) character file.

Game seed: 8453331206982492192

40 qeuew the Ducker (level 3, 0/28 HPs)
             Began as a Merfolk Gladiator on Nov 11, 2022.
             Slain by Robin
             ... wielding a +0 spear
              (4 damage)
             ... on level 2 of the Dungeon.
             The game lasted 00:01:37 (1705 turns).

qeuew the Ducker (Merfolk Gladiator)                Turns: 1705, Time: 00:01:39

Health: 0/28       AC:  4    Str: 16    XL:     3   Next: 50%
Magic:  3/3        EV: 13    Int:  7    God:
Gold:   85         SH:  0    Dex: 15    Spells: 2/2 levels left

rFire   . . .      SeeInvis +   a - +0 trident
rCold   . . .      Faith    .   (no shield)
rNeg    . . .      Spirit   .   b - +0 leather armour
rPois   .          Reflect  .   c - +0 helmet
rElec   .          Harm     .   (no cloak)
rCorr   .          Rampage  .   (no gloves)
Will    .....                   (no boots)
Stlth   +.........              (no amulet)
HPRegen 0.09/turn               h - ring of see invisible
MPRegen 0.08/turn               (no ring)

@: lethally poisoned (0 -> -6)
A: (nimble swimmer 2), mertail
a: no special abilities


You were on level 2 of the Dungeon.
You visited 1 branch of the dungeon, and saw 3 of its levels.

You collected 85 gold pieces.

Inventory:

Hand Weapons
 a - a +0 trident (weapon)
Missiles
 d - 3 throwing nets (quivered)
 e - a javelin
Armour
 b - a +0 leather armour (worn)
 c - a +0 helmet (worn)
Jewellery
 h - a ring of see invisible (left hand)
Scrolls
 g - a scroll of immolation {unknown}
 i - a scroll of teleportation {unknown}
Potions
 f - 2 potions of attraction {unknown}
 k - a potion of heal wounds
 l - a potion of magic


   Skills:
 + Level 2.5 Fighting
 + Level 4.3 Polearms
 + Level 2.2 Throwing
 + Level 0.7 Armour
 * Level 4.7 Dodging


You had 2 spell levels left.
You didn't know any spells.
Your spell library was empty.

Dungeon Overview and Level Annotations

Branches:
Dungeon (3/15)

Altars:

Annotations:
D:2 Robin


Innate Abilities, Weirdness & Mutations

((You are very nimble when in or above water. (Stealth+, EV+, Speed+++)))
Your lower body shifts to a powerful aquatic tail in water.


Message History

Found a leather armour.
You see here a +0 leather armour.
A goblin comes into view. It is wielding a +0 dagger.
The goblin shouts!
You hear a shout!
You hear an angry hiss.
Robin of the Strong Arm comes into view.
They are wielding a +0 spear.
An adder comes into view.
You hear a shout!
Robin shouts!
There are monsters nearby!
You hit the goblin.
You kill the goblin!
Robin roars a battlecry!
You reach to attack!
You hit Robin but do no damage.
Robin hits you from afar with a +0 spear.
You hit the adder.
The adder is lightly wounded.
Robin hits you from afar with a +0 spear.
The adder bites you.
You are poisoned.
The adder poisons you!
Robin hits you from afar with a +0 spear.
You closely miss the adder.
The adder is lightly wounded.
You feel sick. The adder bites you but does no damage.
Robin throws the goblin at you! The goblin barely misses you.
You puncture the adder!
The adder is almost dead.
You feel sick. The adder bites you. x2
You are more poisoned.
The adder poisons you! Robin barely misses you.
The goblin hits you with a +0 club.
* * * LOW HITPOINT WARNING * * *
The adder attacks as you move away! The adder bites you but does no damage.
You feel sick. The goblin barely misses you.
You barely miss the adder.
The adder is almost dead.
You feel sick. The adder bites you.
* * * LOW HITPOINT WARNING * * *
You are lethally poisoned!
The adder poisons you! Robin hits you with a +0 spear.
You die...

#.#.# #..# #<#.# ##.#
#..# #.#.## ...#####.[#
#....####...........#
#..#..)......#####.######
#>..)#######.# ##......#
#.#### #.# ##.#####.#
.... ##g###.#.## #.....
#.S@..###.# )...<...
#.#g###[#.## ##.....## ..
##. ##.## #..<... ## ##
#.# ######## #.# #.# #.#
..# ...


You could see Robin, an adder and a goblin (strong).

Vanquished Creatures
  2 dart slugs
  An endoplasm (D:1)
  A giant cockroach (D:3)
  6 goblins
  3 hobgoblins (D:1)
  2 jackals (D:1)
  6 ball pythons
  4 bats (D:1)
  4 frilled lizards (D:1)
  7 rats
36 creatures vanquished.

Notes
Turn   | Place    | Note
-------+----------+-------------------------------------------
     0 | D:1      | qeuew the Merfolk Gladiator began the quest for the Orb.
     0 | D:1      | Reached XP level 1. HP: 16/16 MP: 1/1
   436 | D:1      | Reached XP level 2. HP: 22/22 MP: 2/2
   941 | D:1      | Reached XP level 3. HP: 25/28 MP: 3/3
  1324 | D:2      | You fall into a shaft and drop 1 floor!
  1698 | D:2      | Noticed Robin
  1705 | D:2      | Slain by Robin

Illustrated notes

Levels and vault maps discovered:
D:1:      minmay_arrival_shattered_statue, layout_loops_ring
D:2:      minmay_chambers_of_ones, layout_loops_ring, uniq_robin, uniq_terence
D:3:      layout_loops_ring, okawaru_gym_becter,
          mainiacjoe_overflow_catwalk_spiral,
          shapermc_ecumenical_altar_mp_vishouse, portal_sewer_entry_e

Action                   || total
-------------------------++-------
Melee: Trident           ||   116
  Use: Scroll            ||     6
 Stab: Sleeping          ||     2
Armor: Leather armour    ||    32
Dodge: Dodged            ||    76
